TKirby, chaotic female elven Wizard --------- ------------- |........########### |*..@......*- |....)..| |...Gf*.....| |....<...##########%##|...-----..e| |.......| #....|.{.|...| --------- |..`|{.{|`..| |...|.{ |...| |..+-.---%..- |+....*.....| |`+...?....*| ------------- TKirby the Thaumaturge Experience level: 6 Strength: 9 Dexterity: 14 Constitution: 16 Intelligence: 20 Wisdom: 10 Charisma: 8 Health: 0(49) Energy: 4(63) Def: 1 Gold: 1201 Moves: 3887 Dungeon seed: 9lguDAE7bjncfuz- Game ID: TKirby_1506279802 Your Inventory: Coins $ - 1201 gold pieces Amulets A - an uncursed amulet versus poison Weapons a - a blessed +1 quarterstaff (weapon in hands) Armor e - an uncursed +0 cloak of magic resistance (being worn) Comestibles K - 2 uncursed food rations Scrolls i - an uncursed scroll of stinking cloud j - an uncursed scroll of teleportation k - an uncursed scroll of destroy armor t - a blessed scroll of gold detection u - a blessed scroll of remove curse v - 2 cursed scrolls of create monster x - an uncursed scroll of enchant armor J - a cursed scroll of blank paper M - a cursed scroll of enchant armor Q - a cursed scroll of gold detection Z - 2 cursed scrolls of enchant weapon Spellbooks l - a blessed spellbook of force bolt m - an uncursed spellbook of knock O - an uncursed spellbook of healing Potions f - an uncursed potion of confusion g - an uncursed potion of blindness h - an uncursed potion of monster detection s - an uncursed potion of paralysis w - an uncursed potion of water z - a blessed potion of invisibility B - an uncursed potion of extra healing C - a cursed potion of sleeping D - a cursed potion of see invisible R - an uncursed potion of fruit juice W - a cursed potion of restore ability Rings c - an uncursed ring of free action d - an uncursed ring of regeneration (on left hand) E - a cursed ring of free action F - an uncursed ring of teleport control G - a cursed -1 ring of protection H - a cursed ring of aggravate monster P - a cursed ring of sustain ability S - a cursed +2 ring of gain constitution V - a cursed +3 ring of protection Wands b - a wand of speed monster (0:4) I - a cursed wand of create monster (0:11) T - a wand of fire (0:5) Tools n - an uncursed leather drum L - a magic marker (0:76) Gems q - an uncursed worthless piece of blue glass r - an uncursed agate stone y - an uncursed worthless piece of violet glass N - an uncursed fluorite stone Y - an uncursed garnet stone Spells and supernatural/magical abilities: Name Level Category Fail Memory a - force bolt 1 attack 0% 81% h - healing 1 healing 0% 96% k - knock 1 matter 0% 81% W - pray for help -- divine ? -- Your skills at the end: Fighting Skills Weapon Skills quarterstaff [Basic] Spellcasting Skills attack spells [Basic] enchantment spells [Basic] Final Attributes: You were piously aligned. You were sleep resistant. You were magic-protected. You had infravision. You regenerated. You were unlucky. You are dead. Vanquished creatures: a ghost 2 small mimics a leprechaun 3 Uruk-hai a shrieker a gnomish wizard a gray ooze a ghoul 2 giant ants 2 little dogs 3 kittens a kobold lord 2 rothes a monkey a dwarf zombie an iguana 2 coyotes 2 gas spores 2 hobbits 10 manes a large kobold 4 giant rats 2 brown molds a yellow mold a red mold 2 gnomes a gnome zombie 5 geckos 9 jackals a fox 2 kobolds 3 goblins 3 sewer rats 2 grid bugs a lichen 3 kobold zombies 9 newts 90 creatures vanquished. Voluntary challenges: You used a wielded weapon 100 times, starting on turn 34. You read items or engraved 14 times, starting on turn 696. You never genocided any monsters. You never polymorphed an object. You never changed form. You used no wishes. You never split a pudding. You never wrote Elbereth's name. You never violated your personal moral code. Dungeon overview: The Dungeons of Doom: levels 1 to 7 Level 1 a long staircase Level 2 a fountain, a sink Level 3 some fountains a long staircase Level 4 a fountain Level 5 a general store Level 6 a fountain Level 7 <- You were here many fountains History has recorded: On T:1 you entered the Dungeons of Doom to retrieve the Amulet of Yendor! On T:270 you advanced to experience level 2. On T:634 you reached level 2 of The Dungeons of Doom. On T:1126 you reached level 3 of The Dungeons of Doom. On T:1331 you advanced to experience level 3. On T:1614 you advanced to experience level 4. On T:1658 you reached level 4 of The Dungeons of Doom. On T:2390 you reached level 5 of The Dungeons of Doom. On T:2739 you advanced to experience level 5. On T:2985 you reached level 6 of The Dungeons of Doom. On T:3106 you advanced to experience level 6. On T:3578 you reached level 7 of The Dungeons of Doom. Score breakdown: Gold: 1201 (10476 points) Experience: 6 levels (12456 points) Exploration: 7 levels ( 13.73%) (10392 points) Discoveries: 10 items ( 3.62%) ( 5710 points) Valuables value: (no points given unless you survive) Artifact value: 0 ( 0 points) Variety of kills: 37 monsters ( 9.71%) ( 9348 points) Turncount: 3887 turns ( -982 points) Survival: died (score multiplied by 80%) Total score: 37920 Latest messages: The dagger welds itself to the gnome king's hand! You miss the gnome king. The gnome king thrusts his dagger. The gnome king hits! You miss the gnome king. You hit the gnome king! The gnome king thrusts his dagger. The gnome king hits! You miss the gnome king. The gnome king thrusts his dagger. The gnome king hits! You miss the gnome king. The gnome king thrusts his dagger. The gnome king hits! You miss the gnome king. The gnome king thrusts his dagger. The gnome king hits! You hit the gnome king. The gnome king thrusts his dagger. The gnome king hits! You miss the gnome king. You hit the gnome king! The gnome king thrusts his dagger. The gnome king hits! You die... Final status: Goodbye TKirby the Wizard, killed by a gnome king... You died in The Dungeons of Doom on dungeon level 7 with 37920 points, and 1201 pieces of gold, after 3887 moves. You were level 6 with a maximum of 49 hit points when you died.